 Dungeon Crawl Stone Soup version 0.28.0-47-ge53b351184 (webtiles) character file.

Game seed: 6229899209160338537

332127 Labrat the Eclecticist (level 20, -1/172 HPs)
             Began as a Demigod Conjurer on Apr 30, 2022.
             Splashed by a caustic shrike's acid (9 damage)
             ... on level 2 of the Depths on May 3, 2022.
             The game lasted 04:19:25 (73094 turns).

Labrat the Eclecticist (Demigod Conjurer)          Turns: 73094, Time: 04:19:26

Health: -1/172     AC: 13    Str:  6    XL:     20   Next: 6%
Magic:  50/59      EV: 11    Int: 54    God:
Gold:   5459       SH:  5    Dex: 10    Spells: 20/59 levels left

rFire   . . .      SeeInvis .   F - staff of cold
rCold   + + .      Faith    .   (no shield)
rNeg    . . .      Spirit   .   o - quicksilver dragon scales
rPois   +          Reflect  +   s - +2 helmet
rElec   +          Harm     .   J - +2 cloak
rCorr   .          Rampage  .   q - +4 pair of gloves of Icseism {Int+4}
Will    +++..                   e - +0 pair of boots "Fiemer" {rElec rPois Regen+ Str-2}
Stlth   +.........              S - amulet of reflection
HPRegen 1.18/turn               y - ring of magical power
MPRegen 0.36/turn               c - ring of Pidaymoz {rC+ Int+6}

@: unable to drink, corroded, studying Dodging
A: high MP 1, forlorn, divine attributes, clumsy 1
}: 2/15 runes: barnacled, gossamer
a: no special abilities


You were on level 2 of the Depths.
You visited 8 branches of the dungeon, and saw 39 of its levels.
You visited the Abyss 2 times.

You collected 5459 gold pieces.

Inventory:

Missiles
 m - 27 curare-tipped darts
 D - 15 silver javelins
 X - 4 throwing nets
Armour
 a - the +1 robe of Vines {NoPotionHeal Regen++++}
   (You found it on level 10 of the Dungeon)

   Its wearer cannot be healed by potions.
   Regen:     It increases your rate of health regeneration.
 e - the +0 pair of boots "Fiemer" (worn) {rElec rPois Regen+ Str-2}
   (You found it on level 5 of the Lair of Beasts)

   Str:       It affects your strength (-2).
   rElec:     It insulates you from electricity.
   rPois:     It protects you from poison.
   Regen:     It increases your rate of health regeneration.
 o - quicksilver dragon scales (worn)
 q - the +4 pair of gloves of Icseism (worn) {Int+4}
   (You found it on level 1 of the Spider Nest)

   Int:       It affects your intelligence (+4).
 s - a +2 helmet (worn)
 x - the +0 pair of gloves "Qyfowiraxt" {Fly rF+ Str+4}
   (You found it on level 9 of the Dungeon)

   Str:       It affects your strength (+4).
   rF:        It protects you from fire.
   Fly:       It grants you flight.
 J - a +2 cloak (worn)
Magical Staves
 F - a staff of cold (weapon)
Jewellery
 c - the ring of Pidaymoz (right hand) {rC+ Int+6}
   (You took it off a deep elf annihilator on level 3 of the Elven Halls)

   [ring of intelligence]

   Int:       It affects your intelligence (+6).
   rC:        It protects you from cold.
 y - a ring of magical power (left hand)
 G - a ring of protection from fire
 N - a ring of resist corrosion
 S - an amulet of reflection (around neck)
 U - a ring of positive energy
 Y - a ring of protection from cold
 Z - a ring of see invisible
Wands
 g - a wand of digging (1)
 A - a wand of paralysis (39)
 B - a wand of flame (32)
 K - a wand of charming (6)
 O - a wand of mindburst (20)
 V - a wand of iceblast (5)
 W - a wand of acid (13)
Scrolls
 f - 6 scrolls of fog
 i - 5 scrolls of fear
 k - 11 scrolls of magic mapping
 l - 11 scrolls of teleportation
 r - 2 scrolls of summoning
 z - 6 scrolls of blinking
 L - a scroll of holy word
 R - 3 scrolls of amnesia
Potions
 d - 6 potions of might
 j - 9 potions of curing
 n - 5 potions of heal wounds
 p - 3 potions of magic
 t - 5 potions of cancellation
 u - 4 potions of brilliance
 v - 5 potions of invisibility
 w - 5 potions of haste
 C - 3 potions of mutation
 E - a potion of resistance
Miscellaneous
 b - a phantom mirror
 h - a condenser vane
 H - a lightning rod (3/4)
 M - a box of beasts
 Q - a phial of floods


   Skills:
 + Level 13.6 Fighting
 + Level 1.4 Armour
 - Level 10.0 Dodging
 - Level 1.7 Stealth
 - Level 20.0 Spellcasting
 - Level 15.0 Conjurations
 + Level 6.7 Summonings
 - Level 3.0 Translocations
 - Level 12.0 Ice Magic
 - Level 5.0 Air Magic
 + Level 13.6 Evocations


You had 20 spell levels left.
You knew the following spells:

 Your Spells              Type           Power      Damage    Failure   Level
a - Orb of Destruction    Conj           60%        9d15      1%          7
b - Searing Ray           Conj           100%       2d8       0%          2
c - Summon Lightning Spi  Summ/Air       87%        N/A       1%          4
d - Iskenderun's Mystic   Conj/Tloc      100%       2d19      1%          4
e - Mephitic Cloud        Conj/Pois/Air  90%        N/A       1%          3
f - Lightning Bolt        Conj/Air       52%        1d73      1%          5
g - Ozocubu's Refrigerat  Ice            67%        4d18      6%          7
h - Spellforged Servitor  Conj/Summ      53%        N/A       10%         7

Your spell library contained the following spells:

 Spells                   Type           Power      Damage    Failure   Level
 Magic Dart               Conj           100%       1d8       0%          1
 Animate Skeleton         Necr           100%       N/A       1%          1
 Apportation              Tloc           100%       N/A       1%          1
 Pain                     Necr           100%       1d9       1%          1
 Summon Small Mammal      Summ           100%       N/A       1%          1
 Blink                    Tloc           100%       N/A       1%          2
 Call Imp                 Summ           91%        N/A       1%          2
 Ensorcelled Hibernation  Hex/Ice        100%       N/A       1%          2
 Static Discharge         Conj/Air       100%       N/A       1%          2
 Call Canine Familiar     Summ           91%        N/A       1%          3
 Conjure Flame            Conj/Fire      94%        6-21      1%          3
 Dazzling Flash           Conj/Hex       100%       N/A       1%          3
 Summon Guardian Golem    Hex/Summ       74%        N/A       1%          3
 Flame Wave               Conj/Fire      94%        2d16      1%          4
 Fulminant Prism          Conj/Hex       47%        3d21      1%          4
 Sticky Flame             Conj/Fire      94%        2d10      1%          4
 Fireball                 Conj/Fire      47%        3d19      1%          5
 Irradiate                Conj/Tmut      47%        3d29      1%          5
 Iskenderun's Battlesphe  Conj           100%       2d15      1%          5
 Ignite Poison            Fire/Tmut/Pois 52%        N/A       2%          3
 Inner Flame              Hex/Fire       52%        N/A       2%          3
 Tukima's Dance           Hex            52%        N/A       2%          3
 Vampiric Draining        Necr           52%        2d9       2%          3
 Passage of Golubria      Tloc           72%        N/A       2%          4
 Conjure Ball Lightning   Conj/Air       52%        3x3d18    2%          6
 Cause Fear               Hex            26%        N/A       10%         4
 Dispel Undead            Necr           52%        3d19      10%         4
 Olgreb's Toxic Radiance  Pois           52%        N/A       10%         4
 Summon Cactus Giant      Summ           45%        N/A       10%         6
 Blade Hands              Tmut           26%        N/A       26%         5
 Yara's Violent Unravell  Hex/Tmut       26%        3d11      26%         5
 Haunt                    Necr/Summ      37%        N/A       90%         7
 Storm Form               Tmut/Air       34%        N/A       96%         7
 Dragon Form              Tmut           26%        N/A       100%        7
 Discord                  Hex            26%        N/A       100%        8
 Ignition                 Fire           26%        3d9       100%        8
 Maxwell's Capacitive Co  Air            41%        ∞         100%        8


Dungeon Overview and Level Annotations

Branches:
Dungeon (15/15)            Temple (1/1) D:4            Lair (6/6) D:11
 Shoals (4/4) Lair:4       Spider (4/4) Lair:2        Slime (0/5) Lair:6
    Orc (2/2) D:11            Elf (3/3) Orc:2        Vaults (0/5) D:13
 Depths (4/4) D:15            Zot (0/5) Depths:4

Shops:
D:5 (   D:7 [:   Orc:2 *[(:   Elf:2 *   Shoals:2 *   Depths:1 *   Depths:2 [(

Portals:
Hell: Lair:6 Depths:1 Depths:2
Abyss: Depths:2
Pandemonium: Depths:2
Ziggurat: Depths:4

Annotations:
Spider:4 3 runed translucent doors, Cumifues's ghost, journeyman MiMo; Onoul's ghost, adept DDBe
Depths:4 Boris


Innate Abilities, Weirdness & Mutations

You have an increased reservoir of magic. (+10% MP)
You shall have no god before yourself.
Your divine heritage dramatically boosts your attributes as you level up.
You are clumsy. (Dex -2)


Message History

The deep troll shaman is moderately wounded.
The caustic shrike resists.
The caustic shrike is lightly wounded.
The sun demon is frozen!
The sun demon is almost dead.
The caustic shrike claws you! The acid corrodes you!
You are splashed with acid!
The sun demon hits you!
You are engulfed in flames!
The caustic shrike misses you.
Unknown command.
Casting: Ozocubu's Refrigeration (dangerous; 6% risk of failure)
Confirm with . or Enter, or press ? or * to list all spells.
Okay, then.
The caustic shrike claws you!
You are splashed with acid!
The sun demon hits you but does no damage.
The caustic shrike barely misses you.
You climb upwards.
There is a stone staircase leading down here.
Unknown command.
Casting: Ozocubu's Refrigeration (dangerous; 6% risk of failure)
Confirm with . or Enter, or press ? or * to list all spells.
You erupt in a blast of force!
The mystic blast hits the sun demon!
The sun demon is almost dead.
The sun demon is knocked back by the mystic blast.
The sun demon slams into the rock wall!
You kill the sun demon!
The mystic blast hits the caustic shrike!
The caustic shrike is lightly wounded.
The caustic shrike is knocked back by the mystic blast.
The caustic shrike slams into the stone wall!
The caustic shrike is moderately wounded.
The caustic shrike claws you but does no damage.
The caustic shrike claws you!!
* * * LOW HITPOINT WARNING * * *
The acid corrodes you!
You are splashed with acid!
* * * LOW HITPOINT WARNING * * *
Unknown command.
The caustic shrike claws you!!
* * * LOW HITPOINT WARNING * * *
You are splashed with acid!
You die...

#####.#...........
##............
#.####....... #.##
##......
###..###.......
#..#...#.......
#..###.........
#########..# ##........
#.....@b÷).####........
#.######>...##.........
#.# ##.........(....
#.# ####''####......
#.# ##§≈§..≈≈≈##..[..
#.# ##≈§§§....≈≈##....
#.# ##§≈...##...≈≈##...
#.###≈≈....##....≈≈##..
#.##§≈.....##.....≈≈##.


You could see a caustic shrike.

Vanquished Creatures
  2 juggernauts
  3 caustic shrikes (Depths:3)
  Arachne (Spider:4)
  A tentacled monstrosity (Abyss:3)
  Rupert (D:13)
  A lich (Depths:2)
  2 deep elf blademasters
  A deep elf master archer (Elf:3)
  A quicksilver dragon (Depths:3)
  3 sphinxes (Shoals:4)
  Agnes (D:14)
  2 tentacled starspawn
  Gastronok (Lair:3)
  Donald (Spider:3)
  4 fire giants
  A frost giant (Depths:1)
  3 ghost moths
  2 emperor scorpions
  The ghost of CryoSword the Fighter, a journeyman DsWz of Makhleb (D:14)
  8 deep elf sorcerers (Elf:3)
  2 deep elf elementalists (Elf:3)
  A balrug (Depths:3)
  A draconian shifter (Depths:4)
  3 very ugly things (Depths:4)
  A caustic shrike skeleton (D:15)
  5 broodmothers
  5 stone giants
  2 vampire knights
  A green draconian (Depths:4)
  Nessos (Lair:5)
  A lorocyproca (Abyss:2)
  2 deep elf demonologists (Elf:3)
  5 deep elf annihilators (Elf:3)
  An entropy weaver (Spider:2)
  The ghost of 101zpm the Eclecticist, a journeyman DjIE of Dithmenos (Orc:2)
  A dire elephant (Lair:6)
  3 spark wasps
  2 minotaurs
  A blizzard demon (Depths:3)
  Snorg (Lair:5)
  3 deep elf death magi (Elf:3)
  A merfolk javelineer (Shoals:2)
  A green death (Depths:2)
  3 merfolk impalers
  2 ettins
  Fannar (Lair:3)
  2 fire dragons (Depths:1)
  Harold (Lair:2)
  5 deep elf high priests
  3 great orbs of eyes (Depths:3)
  4 ice dragons
  A yaktaur captain (D:13)
  A rakshasa (Depths:1)
  2 merfolk avatars
  4 jorogumos
  A radroach (Spider:3)
  18 hydras
  8 boulder beetles
  3 spriggan air magi
  5 centaur warriors
  2 merfolk aquamancers (Shoals:2)
  15 satyrs
  31 dancing weapons
  An anaconda (Lair:5)
  2 deep troll earth magi (Depths:2)
  5 two-headed ogres
  An alligator snapping turtle (Shoals:1)
  A vampire mage (D:15)
  7 death yaks
  11 tengu warriors
  4 spriggan berserkers
  2 orc high priests (Orc:2)
  2 hell hogs
  3 thrashing horrors
  Sonja (Orc:2)
  A hell knight (Depths:2)
  A sun demon (Depths:2)
  20 deep elf knights
  The ghost of Skull the Covert, a journeyman SpEn of Uskayaw (Lair:1)
  Nergalle (D:11)
  6 pharaoh ants
  3 iron trolls
  5 sixfirhies
  A sea snake (shapeshifter) (Elf:2)
  A salamander mystic (Depths:2)
  5 skeletal warriors
  A quicksilver dragon simulacrum (Depths:3)
  2 sun moths
  A glowing orange brain (Depths:3)
  9 large abominations
  2 deep trolls (Depths:2)
  12 steelbarb worms
  9 orb spiders
  A deep troll (shapeshifter) (Depths:3)
  8 sea snakes
  2 lindwurms
  3 wizards
  3 flayed ghosts
  A spark wasp zombie (D:15)
  2 necromancers
  2 phantasmal warriors (Depths:2)
  12 deep elf archers
  2 orc knights
  27 deep elf pyromancers
  19 harpies
  31 wolf spiders
  28 deep elf zephyrmancers
  26 fauns
  9 ugly things
  An oklob plant (Lair:3)
  A stone giant zombie (Depths:1)
  7 orc sorcerers
  3 worldbinders (Abyss:3)
  2 salamanders (Depths:2)
  7 cyclopes
  22 manticores
  7 moths of wrath
  An elephant (Lair:6)
  5 black mambas
  Maurice (D:8)
  Joseph (D:8)
  An eye of devastation (Abyss:3)
  A frost giant skeleton (D:15)
  3 water nymphs
  An ice statue (Depths:3)
  A rust devil (Depths:2)
  9 torpor snails
  5 orange demons
  15 merfolk sirens
  A cane toad (shapeshifter) (D:13)
  2 fire giant skeletons
  3 gargoyles
  16 cane toads
  5 smoke demons
  3 efreet
  7 komodo dragons
  Maggie (D:7)
  3 kobold demonologists
  8 rime drakes
  12 demonic crawlers
  An unseen horror (Abyss:3)
  The ghost of Bruhh the Magician, a novice DjIE (D:4)
  4 tengu conjurers
  4 ice devils
  An ancient zyme (Abyss:2)
  A hellwing (Abyss:3)
  8 trolls
  3 red devils
  A queen bee (Spider:1)
  8 merfolk
  3 polar bears
  A wolf spider simulacrum (D:13)
  12 meliai
  21 tarantellas
  6 hornets
  5 wind drakes
  13 blink frogs
  11 slime creatures
  A tarantella (shapeshifter) (Abyss:3)
  Prince Ribbit (D:6)
  9 snapping turtles
  A blink frog (shapeshifter) (Elf:2)
  8 raiju (Abyss:3)
  A snapping turtle (shapeshifter) (D:15)
  13 dream sheep
  A harpy skeleton (Abyss:2)
  A spriggan zombie (Depths:1)
  A black mamba zombie (Abyss:2)
  3 flying skulls (Abyss:3)
  3 air elementals
  18 culicivoras
  A yak (shapeshifter) (D:15)
  A culicivora (shapeshifter) (D:13)
  A fire bat (Abyss:2)
  27 jumping spiders
  16 water elementals
  2 shadows
  5 ynoxinuls
  A spriggan (Lair:3)
  2 wraiths
  A dire elephant simulacrum (Abyss:2)
  A vampire (D:8)
  4 wyverns
  52 yaks
  4 chaos spawn
  Grum (D:10)
  7 fire elementals
  4 basilisks
  A steam dragon (Lair:3)
  Menkaure (D:4)
  4 neqoxecs
  11 vampire mosquitoes
  4 swamp worms (Lair:1)
  62 redbacks
  4 acid dragons
  12 wargs
  8 water moccasins
  A floating eye (D:11)
  4 hell hounds (Lair:6)
  44 orc warriors
  11 starcursed masses (Abyss:3)
  2 sky beasts
  4 black bears
  2 ice beasts
  2 ettin simulacra (Depths:3)
  7 ogres
  9 small abominations
  9 wolves
  A black bear (shapeshifter) (Depths:2)
  18 centaurs
  4 phantoms
  3 kobold brigands
  2 gnoll sergeants (D:12)
  10 bullfrogs
  2 earth elementals (Elf:1)
  4 scorpions
  A water moccasin zombie (D:9)
  A water moccasin skeleton (D:6)
  3 troll zombies (D:11)
  17 killer bees
  8 wights
  2 electric eels
  3 howler monkeys
  6 centaur zombies
  A bullfrog zombie (D:6)
  A quasit (Abyss:2)
  3 bullfrog skeletons
  2 iron imps
  5 jellies
  Crazy Yiuf (D:7)
  A gnoll shaman (D:8)
  3 hounds
  15 orc priests
  2 centaur skeletons
  3 iguanas
  21 orc wizards
  A hell rat (Lair:5)
  2 ogre zombies (D:11)
  A hound zombie (D:5)
  A hound skeleton (D:5)
  A howler monkey skeleton (D:7)
  4 howler monkey zombies
  17 gnolls
  16 orc zombies
  6 adders
  2 shadow imps (D:5)
  3 white imps
  5 ufetubi
  5 worms
  2 dart slugs (D:1)
  93 orcs
  10 endoplasms
  20 giant cockroaches
  4 goblins
  3 hobgoblins (D:1)
  2 jackals (D:2)
  17 kobolds
  4 quokkas
  5 ball pythons
  2 bats (D:3)
  2 frilled lizards
  4 goblin zombies (D:11)
  A hobgoblin skeleton (D:11)
  3 hobgoblin zombies (D:11)
  2 orc skeletons (D:11)
  4 rats
  4 briar patches (Lair:1)
  3 starspawn tentacles
1538 creatures vanquished.

Vanquished Creatures (collateral kills)
  An emperor scorpion (Spider:4)
  An orc warlord (Orc:2)
  A ghost moth (Spider:4)
  A great orb of eyes (Depths:2)
  A death yak (Lair:6)
  A deep elf knight (Elf:2)
  3 skeletal warriors (D:14)
  An ugly thing (Depths:4)
  A wolf spider (Spider:1)
  A faun (Shoals:1)
  A manticore (D:13)
  2 black mambas (Lair:6)
  A gargoyle (D:12)
  A tengu conjurer (Depths:2)
  A polar bear (Lair:6)
  A meliai (Spider:1)
  A blink frog (Lair:4)
  A basilisk (Lair:5)
  A vampire mosquito (D:11)
  Edmund (D:3)
  A water moccasin (Lair:3)
  3 ogre zombies (D:11)
  An orc zombie (D:11)
28 creatures vanquished.

Vanquished Creatures (others)
  A deep elf elementalist (Elf:3)
  An ogre mage (D:13)
  A quicksilver dragon simulacrum (Depths:3)
  A deep elf zephyrmancer (Elf:2)
  A flying skull (Abyss:3)
  A basilisk (D:13)
  2 ettin simulacra (Depths:3)
  A bush (Lair:6)
  132 fungi
  A lurking horror (Abyss:3)
  243 plants
  4 starspawn tentacles
  11 toadstools (D:3)
  11 withered plants
411 creatures vanquished.

Grand Total: 1977 creatures vanquished

Notes
Turn   | Place    | Note
-------+----------+-------------------------------------------
     0 | D:1      | Labrat the Demigod Conjurer began the quest for the Orb.
     0 | D:1      | Reached XP level 1. HP: 14/14 MP: 5/5
   142 | D:1      | Reached skill level 2 in Spellcasting
   403 | D:1      | Reached XP level 2. HP: 20/20 MP: 3/7
   406 | D:1      | Learned a level 2 spell: Searing Ray
  1470 | D:2      | Reached XP level 3. HP: 26/26 MP: 5/9
  2946 | D:3      | Reached XP level 4. HP: 33/33 MP: 11/11
  2954 | D:3      | Reached skill level 3 in Spellcasting
  3115 | D:4      | Noticed an ogre
  3235 | D:4      | Found a runed translucent door.
  3236 | D:4      | Noticed a bullfrog
  3239 | D:4      | Noticed Bruhh's ghost (novice DjIE)
  3395 | D:4      | Noticed Menkaure
  3405 | D:4      | Noticed Edmund
  3490 | D:3      | Killed Edmund
  3491 | D:3      | Reached skill level 4 in Spellcasting
  3491 | D:3      | Reached skill level 5 in Conjurations
  3491 | D:3      | Reached XP level 5. HP: 38/38 MP: 12/14
  3491 | D:3      | Killed an ogre
  3748 | D:4      | Found a staircase to the Ecumenical Temple.
  3780 | D:4      | Noticed an ice beast
  3788 | D:4      | Learned a level 3 spell: Mephitic Cloud
  3801 | D:4      | Killed an ice beast
  3802 | D:4      | Reached skill level 1 in Air Magic
  3802 | D:4      | Reached XP level 6. HP: 38/45 MP: 6/16
  4161 | D:5      | Entered Level 5 of the Dungeon
  4541 | D:5      | Reached skill level 5 in Spellcasting
  4789 | D:5      | Found a transporter.
  5120 | D:5      | Reached XP level 7. HP: 48/50 MP: 9/17
  5188 | D:5      | Learned a level 4 spell: Iskenderun's Mystic Blast
  5242 | D:5      | Found Fykhlar's Antique Weapon Shoppe.
  5267 | D:5      | Found a transporter.
  5377 | D:5      | Reached skill level 1 in Translocations
  6621 | D:6      | Reached XP level 8. HP: 57/57 MP: 19/19
  7276 | D:6      | Noticed Prince Ribbit
  7285 | D:6      | Killed Prince Ribbit
  7731 | D:7      | Found Gyopink's Book Emporium.
  7770 | D:7      | Reached skill level 5 in Fighting
  7899 | D:7      | Reached XP level 9. HP: 63/74 MP: 20/20
  8233 | D:7      | Noticed Maggie
  8537 | D:7      | Found a runed translucent door.
  8538 | D:7      | Noticed Crazy Yiuf
  8594 | D:7      | Found Nynyoxej's Armour Shop.
  8934 | D:7      | Killed Crazy Yiuf
  9223 | D:4      | Killed Menkaure
  9311 | D:4      | Reached skill level 5 in Dodging
  9316 | D:4      | Killed Bruhh's ghost
 10135 | D:8      | Noticed Maurice
 10207 | D:8      | Reached skill level 6 in Spellcasting
 11062 | D:8      | Reached skill level 7 in Spellcasting
 11062 | D:8      | Noticed Joseph
 11369 | D:8      | Killed Maurice
 11370 | D:8      | Reached XP level 10. HP: 29/81 MP: 4/26
 11650 | D:8      | Reached skill level 8 in Spellcasting
 11705 | D:8      | Killed Joseph
 11896 | D:9      | Identified the +0 pair of gloves "Qyfowiraxt" {Fly rF+
                  | Str+4}
 12078 | D:9      | Noticed a two-headed ogre
 12082 | D:9      | Killed a two-headed ogre
 12433 | D:9      | Reached skill level 1 in Evocations
 12869 | D:10     | Entered Level 10 of the Dungeon
 12878 | D:10     | Noticed a four-headed hydra
 12892 | D:10     | Reached skill level 9 in Spellcasting
 12896 | D:10     | Killed a four-headed hydra
 13569 | D:10     | Noticed Grum
 13586 | D:10     | Killed Grum
 13587 | D:10     | Reached XP level 11. HP: 76/86 MP: 13/28
 13717 | D:10     | Found the +1 robe of Vines {NoPotionHeal Regen++++}
 13743 | D:10     | Noticed a sixfirhy
 13753 | D:10     | Found a runed translucent door.
 14312 | D:7      | Killed Maggie
 14925 | D:11     | Found a staircase to the Lair.
 15127 | D:11     | Reached skill level 10 in Conjurations
 15240 | D:11     | Noticed an eight-headed hydra
 15248 | D:11     | Killed an eight-headed hydra
 15250 | D:11     | Reached skill level 5 in Evocations
 15254 | D:11     | Reached skill level 10 in Spellcasting
 15297 | D:11     | Noticed a boulder beetle
 15508 | D:11     | Found a staircase to the Orcish Mines.
 15520 | D:11     | Noticed a seven-headed hydra
 15531 | D:11     | Killed a seven-headed hydra
 15593 | D:11     | Noticed a boulder beetle
 15678 | D:11     | Paralysed by a floating eye for 3 turns
 15816 | D:11     | Noticed a two-headed ogre
 15829 | D:11     | Killed a two-headed ogre
 15842 | D:11     | Killed a boulder beetle
 15857 | D:11     | Noticed a five-headed hydra
 16363 | D:11     | Killed a five-headed hydra
 16499 | D:11     | Killed a boulder beetle
 16500 | D:11     | Reached skill level 11 in Spellcasting
 16678 | D:12     | Learned a level 4 spell: Summon Lightning Spire
 16778 | D:12     | Reached XP level 12. HP: 94/94 MP: 17/31
 17009 | D:12     | Reached skill level 1 in Summonings
 18011 | Lair:1   | Entered Level 1 of the Lair of Beasts
 18233 | Lair:1   | Found a runed translucent gate.
 18233 | Lair:1   | Found a runed translucent gate.
 18234 | Lair:1   | Found a runed translucent gate.
 18411 | Lair:1   | Noticed Skull's ghost (journeyman SpEn)
 18414 | Lair:1   | Noticed a minotaur
 18553 | Lair:1   | Found a transporter.
 18557 | Lair:1   | You are sucked into a shaft and drop 1 floor!
 18674 | Lair:1   | Identified the amulet of Xom's Recklessness {Acrobat +Blink
                  | rN+}
 18709 | Lair:1   | Found a transporter.
 19369 | Lair:2   | Identified the +3 ring mail of the Hills {Int+4}
 19383 | Lair:2   | Noticed Harold
 19560 | Lair:2   | Killed Harold
 19707 | Lair:2   | Learned a level 5 spell: Lightning Bolt
 19737 | Lair:2   | Found a hole to the Spider Nest.
 20395 | Lair:3   | Noticed Fannar
 20535 | Lair:3   | Reached skill level 5 in Air Magic
 20683 | Lair:3   | Noticed a seven-headed hydra
 20698 | Lair:3   | Killed a seven-headed hydra
 21364 | Lair:3   | Reached skill level 12 in Spellcasting
 21364 | Lair:3   | Reached skill level 5 in Summonings
 21420 | Lair:3   | Killed Fannar
 21540 | Lair:3   | Noticed Gastronok
 22378 | Lair:4   | Reached XP level 13. HP: 95/103 MP: 29/33
 23098 | Lair:4   | Found a staircase to the Shoals.
 24778 | D:13     | Reached skill level 10 in Fighting
 25055 | D:13     | Identified the +1 chain mail of Ret Riejuve {rElec Regen+
                  | Str+3}
 25110 | D:13     | HP: 4/113 [yaktaur captain/bolt (46)]
 25856 | D:13     | Found a gate to the Vaults.
 26332 | Lair:3   | Killed Gastronok
 27036 | Lair:5   | Reached XP level 14. HP: 121/121 MP: 22/35
 27300 | Lair:5   | Noticed Snorg
 27310 | Lair:5   | Killed Snorg
 27313 | Lair:5   | Reached skill level 13 in Spellcasting
 27551 | Lair:5   | Noticed Nessos
 27566 | Lair:5   | Killed Nessos
 27792 | Lair:5   | Identified the +0 pair of boots "Fiemer" {rElec rPois
                  | Regen+ Str-2}
 29153 | Lair:6   | Entered Level 6 of the Lair of Beasts
 29968 | Lair:6   | Found a staircase to the Slime Pits.
 30057 | Lair:6   | Reached skill level 14 in Spellcasting
 30462 | Lair:6   | Reached skill level 10 in Evocations
 31437 | Lair:6   | Found a gateway to Hell.
 31445 | Lair:6   | Got the Disquisition on the Entourage
 31603 | Orc:1    | Entered Level 1 of the Orcish Mines
 31890 | D:14     | Noticed Rupert
 31964 | D:13     | Killed Rupert
 32146 | D:14     | Found a runed translucent door.
 32226 | D:13     | Reached XP level 15. HP: 107/126 MP: 26/39
 32313 | D:14     | Noticed Agnes
 32320 | D:14     | Killed Agnes
 32479 | D:14     | Noticed CryoSword's ghost (journeyman DsWz)
 33007 | D:14     | Reached skill level 15 in Spellcasting
 33709 | D:15     | Entered Level 15 of the Dungeon
 34325 | D:15     | Found a staircase to the Depths.
 35701 | Orc:1    | Noticed Nergalle
 35710 | D:11     | Killed Nergalle
 36398 | Orc:2    | Entered Level 2 of the Orcish Mines
 36547 | Orc:2    | Noticed Sonja
 36735 | Orc:2    | Found a staircase to the Elven Halls.
 36875 | Orc:2    | Found a transporter.
 36884 | Orc:2    | Noticed 101zpm's ghost (journeyman DjIE)
 37024 | Orc:2    | Killed Sonja
 37244 | Orc:2    | Found a transporter.
 38703 | Orc:2    | Found Waliagon's Assorted Antiques.
 38777 | Orc:2    | Found Mior's Book Shop.
 38864 | Orc:2    | Found Juelochoa's Antique Armour Shop.
 38890 | Orc:2    | Found Zarifam's Antique Weapon Boutique.
 39005 | Lair:1   | Killed Skull's ghost
 39006 | Lair:1   | Reached skill level 15 in Conjurations
 39279 | Lair:1   | Identified the ring of Heuwen {rN+ Will+ Int-5 Dex+4}
 39431 | D:14     | Killed CryoSword's ghost
 39842 | Temple   | Entered the Ecumenical Temple
 40190 | Orc:2    | Killed 101zpm's ghost
 40278 | Orc:2    | Identified the amulet "Wuheriwn" {Faith Dex+4}
 40649 | Shoals:1 | Entered Level 1 of the Shoals
 41309 | Depths:1 | Entered Level 1 of the Depths
 41664 | Depths:1 | Noticed a fire giant
 41694 | Depths:1 | Reached XP level 16. HP: 134/134 MP: 27/41
 41701 | Depths:1 | Reached skill level 16 in Spellcasting
 42881 | Depths:1 | Found Beurym's General Store.
 43560 | Depths:2 | You are sucked into a shaft and drop 2 floors!
 43560 | Depths:4 | Entered Level 4 of the Depths
 43569 | Depths:4 | Found a one-way gateway to a ziggurat.
 43609 | Depths:4 | Noticed a juggernaut
 43642 | Depths:4 | Killed a juggernaut
 44060 | Depths:4 | Reached skill level 17 in Spellcasting
 44162 | Depths:4 | Found a gate to the Realm of Zot.
 44162 | Depths:4 | Noticed a golden dragon
 44171 | Depths:4 | Noticed a tentacled monstrosity
 44187 | Depths:4 | Noticed a juggernaut
 44192 | Depths:4 | Noticed Boris
 44546 | Depths:2 | Found a one-way gate to the infinite horrors of the Abyss.
 45342 | Depths:2 | Noticed a lich
 45767 | Depths:2 | Killed a lich
 46026 | Depths:2 | Reached skill level 18 in Spellcasting
 46380 | Depths:2 | Gained mutation: You are clumsy. (Dex -2) [a neqoxec]
 46649 | Depths:2 | Found a one-way gate leading to the halls of Pandemonium.
 46802 | Depths:2 | Found Dopnu's Antique Weapon Shop.
 46802 | Depths:2 | Found Heahuv's Armour Boutique.
 46986 | Depths:3 | Paralysed by a great orb of eyes for 2 turns
 47216 | Depths:3 | Learned a level 7 spell: Ozocubu's Refrigeration
 47445 | Elf:1    | Entered Level 1 of the Elven Halls
 47453 | Elf:1    | Reached skill level 1 in Ice Magic
 47656 | Spider:1 | Entered Level 1 of the Spider Nest
 48283 | Spider:1 | Reached XP level 17. HP: 140/140 MP: 11/44
 48722 | Spider:1 | Identified the +4 pair of gloves of Icseism {Int+4}
 48994 | Spider:1 | Reached skill level 10 in Dodging
 49600 | Spider:1 | Reached skill level 5 in Ice Magic
 53926 | Spider:3 | Noticed Donald
 53951 | Spider:3 | Killed Donald
 55073 | Spider:4 | Entered Level 4 of the Spider Nest
 55806 | Spider:4 | Noticed Arachne
 56394 | Spider:4 | Reached skill level 10 in Ice Magic
 56827 | Spider:4 | Found a runed translucent gate.
 56827 | Spider:4 | Found a runed translucent gate.
 56827 | Spider:4 | Found a runed translucent gate.
 56831 | Spider:4 | Noticed Cumifues's ghost (journeyman MiMo)
 56831 | Spider:4 | Noticed Onoul's ghost (adept DDBe)
 56956 | Spider:4 | Killed Arachne
 57229 | Spider:4 | Reached XP level 18. HP: 128/147 MP: 12/46
 57453 | Spider:4 | Paralysed by a jorogumo for 3 turns
 58189 | Spider:4 | Got a gossamer rune of Zot
 58351 | Shoals:1 | Reached skill level 19 in Spellcasting
 60692 | Shoals:2 | Found Ycvib's CLEARANCE SALE!.
 61249 | Shoals:3 | Found the +7 sceptre of Torment {pain, torment}
 62245 | Shoals:4 | Entered Level 4 of the Shoals
 63196 | Shoals:4 | Reached skill level 20 in Spellcasting
 64104 | Shoals:4 | Identified the +12 dagger of the Saving Coward {vorpal,
                  | rPois SInv}
 64198 | Shoals:4 | Got a barnacled rune of Zot
 64931 | Elf:1    | Reached XP level 19. HP: 156/156 MP: 2/49
 65549 | Elf:1    | Paralysed by an air elemental for 1 turns
 66520 | Elf:2    | Found Quibbeva's Assorted Antiques.
 66589 | Elf:2    | Identified the +8 falchion of Valiance {protect, *Noise
                  | rPois Dex+3}
 66637 | Elf:2    | Identified a scroll of acquirement
 66892 | Elf:2    | Found a runed translucent gate.
 66893 | Elf:2    | Found a runed translucent gate.
 66893 | Elf:2    | Found a runed translucent gate.
 67361 | Elf:3    | Entered Level 3 of the Elven Halls
 67515 | Elf:3    | Paralysed by an air elemental for 1 turns
 67798 | Elf:3    | Cast into level 2 of the Abyss (a deep elf sorcerer)
 68135 | Abyss:2  | HP: 8/160 [flayed ghost (23)]
 68176 | Elf:3    | Escaped the Abyss
 68671 | Elf:3    | Identified the +6 war axe of Hard Scrabble {venom, Int+3
                  | Dex+2 Stlth+}
 68677 | Elf:3    | Cast into level 3 of the Abyss (a deep elf sorcerer)
 69144 | Abyss:3  | Noticed a bone dragon
 69319 | Elf:3    | Escaped the Abyss
 70274 | Elf:3    | Identified the +4 dagger "Upraudom" {vorpal, Contam rN+
                  | Int+4 Stlth+}
 70285 | Elf:3    | Identified the +10 long sword "Neisonn" {freeze, Fly rN+
                  | Dex+3}
 70285 | Elf:3    | Identified the ring of Pidaymoz {rC+ Int+6}
 70471 | Elf:3    | Acquired a book of the Spheres
 70481 | Elf:3    | Learned a level 7 spell: Orb of Destruction
 70489 | Elf:3    | Learned a level 7 spell: Spellforged Servitor
 70684 | Elf:3    | Got the Disquisition on Evil Rituals and the Compass
 70691 | Elf:3    | Got the Tome of the Ghastly Glacier
 70700 | Elf:3    | Got Wovigur's Reference Book on the Torrid Entourage
 72236 | Depths:3 | Noticed a juggernaut
 72243 | Depths:3 | Killed a juggernaut
 72916 | Depths:3 | Noticed a caustic shrike
 72919 | Depths:3 | Noticed a caustic shrike
 72920 | Depths:3 | Noticed a caustic shrike
 72922 | Depths:3 | Noticed a caustic shrike
 72926 | Depths:3 | Killed a caustic shrike
 72926 | Depths:3 | Killed a caustic shrike
 72927 | Depths:3 | Reached skill level 1 in Armour
 72927 | Depths:3 | Reached XP level 20. HP: 110/172 MP: 5/50
 72927 | Depths:3 | Killed a caustic shrike
 73094 | Depths:2 | HP: 8/172 [caustic shrike (27)]
 73094 | Depths:2 | Splashed by a caustic shrike's acid

Illustrated notes

Levels and vault maps discovered:
D:1:      lightli_arrival_flooded_house, layout_basic
D:2:      minmay_roachtagon, layout_loops_cross
D:3:      cheibrodos_fertilizer, layout_rooms, zin_statuary,
          mainiacjoe_overflow_alcove_4
D:4:      layout_cave_pools, elyvilon_altar_4, minmay_temple_entry_fiery,
          ebering_ghost_sewer_d, serial_column_ruins, column_ruins_hut_ruined,
          column_ruins_circle_medium, column_ruins_grid_4,
          column_ruins_columns_plus, column_ruins_corridor_dead_end,
          column_ruins_open_tiny, column_ruins_open_tiny,
          column_ruins_columns_T, uniq_menkaure, uniq_edmund
D:5:      gammafunk_cloud_chamber, layout_loops_corners,
          mainiacjoe_overflow_24_doors,
          mainiacjoe_overflow_concentric_impassable, serial_shops, shop_statue,
          moated_statue
D:6:      minmay_polygon_palace, layout_basic, uniq_prince_ribbit1
D:7:      layout_loops_corners, nicolae_overflow_crystal_walls, serial_shops,
          nicolae_square_shop, shop, grunt_ministairs_5, grunt_decor_junction,
          uniq_crazy_yiuf_cottage, uniq_maggie
D:8:      layout_rooms, nemelex_xobeh_ov_fountains_minmay,
          mainiacjoe_overflow_cross_hatched, marbit_many_paths, uniq_maurice,
          uniq_joseph
D:9:      layout_basic, vehumet_altar_wand_db, nicolae_water_bricks,
          minmay_starry_boxes
D:10:     cheibrodos_shockbox, layout_small_grid, nicolae_sif_muna_condensation,
          lightli_temple_of_fire, hellmonk_guarded_unrand_vines, uniq_grum
D:11:     layout_roguey, erik_lair_orcish_takeover, zombieorc2_lemuel,
          fountainhead, hangedman_decor_points, onia_ninara_cookie
D:12:     layout_irregular_city
D:13:     hangedman_cross_veins, layout_basic, erik_vaults_1,
          serial_corexii_hall, chequers_hall_statues_corner_a,
          corexii_hall_statues_x
D:14:     layout_stronghold, ebering_ghost_inner_flame,
          kennysheep_decorative_pillar, nicolae_concentric_dashed_squares_wild,
          uniq_rupert, uniq_agnes
D:15:     gammafunk_depths_entry_grave, layout_loops_corners,
          minmay_misc_feat_room, hangedman_abyss_or_decor_stagger,
          minmay_misc_feat_secret_circle, bh_walls_and_bars
Temple:   compressed_dpeg_circular_temple
Lair:1:   gammafunk_worm_tunnel, layout_small_grid,
          maelrawn_ghost_gauntlet_escape
Lair:2:   layout_regular_city, nicolae_spider_entry_non_spiders, uniq_harold
Lair:3:   dpeg_oklob_gauntlet, layout_small_grid, grunt_forest_stairs_clearing,
          grunt_megastairs_4, serial_bayou_shore_b, uniq_fannar, uniq_gastronok
Lair:4:   layout_regular_city, elwin_shoals_entry_stream
Lair:5:   nzn_winding_woodlands_large [nzn_winding_woodlands_hourglass,
          nzn_winding_woodlands_5x15_longhouse,
          nzn_winding_woodlands_5x5_perimeter,
          nzn_winding_woodlands_center_garden,
          nzn_winding_woodlands_15x15_thick_spiral,
          nzn_winding_woodlands_center_lodge, nzn_winding_woodlands_5x5_default,
          nzn_winding_woodlands_5x15_concentric,
          nzn_winding_woodlands_5x5_cross], layout_layer_cave, uniq_nessos,
          uniq_snorg
Lair:6:   evil_forest, layout_layer_cave, slime_altar_1
Shoals:1: layout_shoals, hangedman_shoals_cup_caves
Shoals:2: layout_shoals, nicolae_shop_clearance
Shoals:3: layout_shoals
Shoals:4: shoals_end_hellmonk_lost_city
Spider:1: layout_chambers, nicolae_looking_at_the_future
Spider:2: layout_cave_pods, hangedman_spider_tarantella_strand,
          nicolae_spider_cling_halls
Spider:3: nicolae_spider_hilbert_zone_3 [nicolae_spider_hilbert_4_sides_2_open,
          nicolae_spider_hilbert_3_sides_1_open,
          nicolae_spider_hilbert_3_sides_1_open,
          nicolae_spider_hilbert_3_sides_1_open,
          nicolae_spider_hilbert_3_sides_1_open,
          nicolae_spider_hilbert_4_sides_1_open,
          nicolae_spider_hilbert_4_sides_1_open,
          nicolae_spider_hilbert_4_sides_1_open,
          nicolae_spider_hilbert_4_sides_1_open,
          nicolae_spider_hilbert_4_sides_1_open,
          nicolae_spider_hilbert_4_sides_1_open,
          nicolae_spider_hilbert_4_sides_1_open,
          nicolae_spider_hilbert_4_sides_1_open,
          nicolae_spider_hilbert_3_sides_1_open,
          nicolae_spider_hilbert_3_sides_1_open,
          nicolae_spider_hilbert_3_sides_1_open,
          nicolae_spider_hilbert_3_sides_1_open], uniq_donald
Spider:4: spider_rune_water, gammafunk_ghost_cemetery, uniq_arachne
Orc:1:    layout_caves, minmay_orc_keep, uniq_nergalle
Orc:2:    grunt_orc_community_town_hall, layout_diamond_mine,
          grunt_orc_community_big_house_2, grunt_orc_community_big_house_2,
          grunt_orc_community_house_3, grunt_orc_community_house_1,
          grunt_orc_community_house_2, grunt_orc_community_house_1,
          gammafunk_ghost_berserking_beasts, uniq_sonja
Elf:1:    nicolae_elf_arrival_aired_out, layout_gridlike, evilmike_minifort
Elf:2:    nicolae_elf_blades_crystal_corner, layout_geoelf_diagonals,
          serial_shops, shop, minivault_14
Elf:3:    minmay_elf_hall_dome, layout_onion_city, grunt_ministairs_6,
          hex_medium
Depths:1: layout_basic, serial_shops, nicolae_square_shop,
          kiku_gazebo_garden_becter, hangedman_tar_grid_catacomb,
          minmay_crystal_water, corner_web_ring, hangedman_decor_slide_cut,
          grunt_decor_mini_mirrors, nicolae_uskayaw_murder_on_the_dancefloor
Depths:2: kennysheep_spiral_hall, layout_cave_shapes, grunt_pan_entry_spiral,
          hell_entry, kennysheep_cross_room, abyss_entry_small_statue_room,
          kennysheep_generic_room_11, minmay_shoptagon,
          infiniplex_staircase_spiral
Depths:3: grunt_profane_halls [grunt_profane_temple_tar,
          grunt_profane_temple_geh, grunt_profane_temple_dis,
          grunt_profane_temple_coc, grunt_profane_loot], hell_entry,
          abyss_entry, serial_shops, uniq_margery
Depths:4: grunt_zot_entry_tricorne, layout_cave_pools, enter_ziggurat_b,
          hell_entry, serial_sigils_hangedman_scar, tgw_xom, uniq_boris

Skill      XL: |  1  2  3  4  5  6  7  8  9 10 11 12 13 14 15 16 17 18 19 |
---------------+----------------------------------------------------------+-----
Spellcasting   | 2 4 5 7 9 11 12 14 15 18 20 | 20.0
Conjurations   | 4 5 6 8 9 11 12 15 | 15.0
Air Magic      | 1 2 3 5 |  5.0
Translocations | 3 |  3.0
Fighting       | 5 6 10 13 | 13.6
Dodging        | 2 5 9 10 | 10.0
Evocations     | 3 5 7 10 13 | 13.6
Summonings     | 5 6 |  6.7
Ice Magic      | 3 10 12 | 12.0
Armour         | 1 |  1.4
Stealth        | |  1.7

Action                   |  1- 3 |  4- 6 |  7- 9 | 10-12 | 13-15 | 16-18 | 19-21 || total
-------------------------+-------+-------+-------+-------+-------+-------+-------++-------
Melee: Unarmed           |     9 |       |       |       |       |       |       ||     9
       Short sword       |     6 |       |     9 |       |       |       |       ||    15
       Dagger            |       |       |    24 |    75 |       |       |       ||    99
       Punch             |       |       |       |     5 |     7 |     3 |     1 ||    16
       Spear             |       |       |       |    66 |   522 |   240 |       ||   828
       Staff             |       |       |       |       |       |    79 |   271 ||   350
Throw: Dart              |       |     4 |       |    10 |    10 |     4 |       ||    28
       Boomerang         |       |       |       |       |       |     2 |       ||     2
       Throwing net      |       |       |       |       |       |     1 |       ||     1
       Javelin           |       |       |       |       |       |       |     6 ||     6
 Cast: Magic Dart        |   112 |    36 |    79 |    61 |    47 |     4 |       ||   339
       Searing Ray       |     6 |    17 |    70 |   150 |    70 |    12 |    27 ||   352
       Mephitic Cloud    |       |       |     7 |    34 |    43 |     7 |       ||    91
       Iskenderun's Myst |       |       |    14 |   110 |   179 |   215 |    71 ||   589
       Summon Lightning  |       |       |       |     9 |    19 |     9 |       ||    37
       Lightning Bolt    |       |       |       |     7 |   352 |   635 |   116 ||  1110
       Ozocubu's Refrige |       |       |       |       |       |    99 |    62 ||   161
       Orb of Destructio |       |       |       |       |       |       |    36 ||    36
Evoke: Wand              |       |       |       |     3 |     4 |     6 |     6 ||    19
       Box of beasts     |       |       |       |     1 |       |     2 |       ||     3
       Condenser vane    |       |       |       |       |     1 |     1 |     1 ||     3
       Lightning rod     |       |       |       |       |       |     5 |     7 ||    12
       Phial of floods   |       |       |       |       |       |       |     2 ||     2
       Phantom mirror    |       |       |       |       |       |       |     1 ||     1
  Use: Scroll            |       |       |     6 |     7 |     8 |    12 |     7 ||    40
       Potion            |       |       |       |       |       |     3 |     1 ||     4
 Stab: Confused          |       |       |       |     6 |     8 |       |       ||    14
       Sleeping          |       |       |       |     1 |     1 |       |       ||     2
       Distracted        |       |       |       |     2 |     4 |     1 |       ||     7
Armor: Robe              |     6 |     1 |    20 |    85 |   145 |   189 |   127 ||   573
       Quicksilver drago |       |       |       |       |       |       |    19 ||    19
Dodge: Dodged            |    18 |    14 |    64 |   215 |   357 |   404 |   257 ||  1329
Block: Other             |       |       |       |    18 |   145 |   134 |    70 ||   367
       Reflection        |       |       |       |     1 |    14 |     9 |     2 ||    26
